 Dungeon Crawl Stone Soup version 0.30-a0-568-g124715a40b (webtiles) character file.

Game seed: 7338521738258945047

602 arthad the Chopper (level 7, 0/56 HPs)
             Began as a Gnoll Reaver on Dec 28, 2022.
             Was an Initiate of Gozag.
             Slain by an orc
             ... wielding a +0 mace
              (4 damage)
             ... on level 5 of the Dungeon.
             The game lasted 00:12:13 (4609 turns).

arthad the Chopper (Gnoll Reaver)                   Turns: 4609, Time: 00:12:13

Health: 0/56       AC:  4    Str: 13    XL:     7   Next: 41%
Magic:  15/15      EV: 13    Int: 12    God:    Gozag
Gold:   519        SH:  5    Dex: 11    Spells: 7/17 levels left

rFire   . . .      SeeInvis .    k - +0 battleaxe
rCold   . . .      Faith    .    (shield currently unavailable)
rNeg    . . .      Spirit   .    b - +0 leather armour
rPois   +          Reflect  +    l - +0 helmet
rElec   .          Harm     .    f - scarf {repulsion}
rCorr   .          Rampage  .    (no gloves)
Will    .....                    (no boots)
Stlth   ++                       u - amulet of reflection
HPRegen 0.29/turn                q - ring of flight
MPRegen 0.14/turn                x - ring of poison resistance

@: lethally poisoned (0 -> -10), about to teleport, weak-willed, flying, hasted,
repel missiles, very quick
A: fangs 1, strong nose, distributed training
a: Renounce Religion, Potion Petition, Call Merchant, Bribe Branch


You were on level 5 of the Dungeon.
You worshipped Gozag.
Gozag was pleased with you.
You visited 1 branch of the dungeon, and saw 5 of its levels.

You collected 538 gold pieces.
You paid 19 gold pieces to Gozag.

Inventory:

Hand Weapons
 a - a +0 hand axe
 k - a +0 battleaxe (weapon)
Missiles
 w - 2 poisoned darts
Armour
 b - a +0 leather armour (worn)
 f - a scarf of repulsion (worn)
 h - a scarf of harm
 l - a +0 helmet (worn)
 m - the +5 robe of Misfortune {Harm *Corrode *Slow EV+5}
   (You took it off a goblin on level 2 of the Dungeon)

   EV:        It affects your evasion (+5).
   *Corrode:  It may corrode you when you take damage.
   *Slow:     It may slow you when you take damage.
   Harm:      It increases damage dealt and taken.
Jewellery
 q - a ring of flight (left hand)
 u - an amulet of reflection (around neck)
 x - a ring of poison resistance (right hand)
Wands
 t - a wand of mindburst (23)
Scrolls
 c - a scroll of teleportation
 d - a scroll of vulnerability
 e - 2 scrolls of noise {unknown}
 g - a scroll of immolation {unknown}
 i - 5 scrolls of identify {unknown}
 p - a scroll of enchant weapon {unknown}
 r - 2 scrolls of amnesia
 s - 2 scrolls of fog {unknown}
 v - a scroll of enchant armour {unknown}
 y - a scroll of brand weapon {unknown}


   Skills:
 + Level 5.3 Fighting
 + Level 2.6 Short Blades
 + Level 2.6 Long Blades
 + Level 7.1 Axes
 + Level 2.6 Maces & Flails
 + Level 2.6 Polearms
 + Level 2.6 Staves
 + Level 2.6 Ranged Weapons
 + Level 2.6 Throwing
 + Level 2.6 Armour
 + Level 5.3 Dodging
 + Level 2.6 Stealth
 + Level 2.6 Shields
 + Level 2.6 Unarmed Combat
 + Level 5.6 Spellcasting
 + Level 5.9 Conjurations
 + Level 2.1 Hexes
 + Level 2.1 Summonings
 + Level 2.1 Necromancy
 + Level 2.1 Translocations
 + Level 2.1 Transmutations
 + Level 2.1 Fire Magic
 + Level 2.1 Ice Magic
 + Level 2.1 Air Magic
 + Level 2.1 Earth Magic
 + Level 2.1 Poison Magic
 + Level 2.9 Invocations
 + Level 2.6 Evocations


You had 7 spell levels left.
You knew the following spells:

 Your Spells              Type           Power      Damage    Failure   Level
a - Kiss of Death         Conj/Necr      52%        2d9       4%          1
b - Momentum Strike       Conj/Tloc      26%        3d8       7%          2
c - Necrotise             Necr           32%        1d5       10%         1
d - Hailstorm             Conj/Ice       13%        3d5       14%         3
e - Poisonous Vapours     Pois/Air       16%        N/A       16%         2
f - Sting                 Tmut/Pois      32%        1d4       10%         1

Your spell library contained the following spells:

 Spells                   Type           Power      Damage    Failure   Level
 Beastly Appendage        Tmut           16%        N/A       10%         1
 Cigotuvi's Dreadful Rot  Necr/Pois/Air  16%        N/A       16%         2
 Wereblood                Tmut           8%         N/A       16%         2
 Spider Form              Tmut/Pois      8%         N/A       30%         3
 Vampiric Draining        Necr           8%         2d6       30%         3
 Dispel Undead            Necr           8%         3d8       69%         4
 Olgreb's Toxic Radiance  Pois           8%         N/A       69%         4
 Agony                    Necr           8%         N/A       95%         5
 Death Channel            Necr           4%         N/A       100%        6


Dungeon Overview and Level Annotations

Branches:
Dungeon (5/15)
 Temple: D:4-7

Altars:
Cheibriados
Dithmenos
Gozag
Sif Muna
Trog
Vehumet
The Shining One

Annotations:
D:2 1 runed translucent door, Crazy Yiuf


Innate Abilities, Weirdness & Mutations

You have very sharp teeth.
Your uncanny sense of smell can sniff out nearby items.
Your experience applies equally to all skills.


Message History

You barely miss the black bear.
You bite the black bear, but do no damage.
The black bear is moderately wounded.
You closely miss something. The black bear closely misses you.
The black bear barely misses you. The black bear misses you.
You bump into the rock wall.
The orc barely misses you. The black bear barely misses you.
The black bear claws you but does no damage.
The black bear claws you.
You closely miss the black bear.
The black bear is moderately wounded.
You miss the orc. You barely miss something. Something hits you.
The orc hits you with a +0 mace.
* * * LOW HITPOINT WARNING * * *
The black bear barely misses you. The black bear claws you.
* * * LOW HITPOINT WARNING * * *
The black bear closely misses you.
You aren't carrying any potions.
You are too confused!
You bump into the rock wall.
You feel less confused. You block the orc's attack.
Unknown command.
Unknown command.
As you read the scroll labelled QISIEJ WIENTU, it crumbles to dust.
It is a scroll of amnesia.
Really abort (and waste the scroll)?
Okay, then.
Something completely misses you. The orc hits you with a +0 mace.
* * * LOW HITPOINT WARNING * * *
As you read the scroll labelled LIPAXK ICIYX, it crumbles to dust.
You feel strangely unstable.
It was a scroll of teleportation.
As you read the scroll labelled ICUMAOTUVA, it crumbles to dust.
Magic quickly surges around you.
It was a scroll of vulnerability.
Something hits you.
* * * LOW HITPOINT WARNING * * *
You are lethally poisoned!
The orc hits you with a +0 mace.
You die...
Your body crumbles into a pile of gold.

#.....# ###
#....## #....##
#######.....# ##
............#
#..............#
#..............#
#...######.....##
$
#..............@#
#.........##..o{#
∆
#........$''...h#
#.........##....#
#.........##....#
#.........##....#
####......##....?.
#...............
).................


You could see a black bear (weak-willed) and an orc (weak-willed).

Vanquished Creatures
  A steam dragon (D:5)
  A phantom (D:5)
  A scorpion (D:4)
  A howler monkey (D:4)
  Ijyb (D:3)
  2 orc wizards (D:5)
  Terence (D:3)
  Robin (D:2)
  4 gnolls (D:4)
  5 adders
  3 ufetubi
  A worm (D:4)
  3 dart slugs
  6 orcs
  9 endoplasms
  4 giant cockroaches
  15 goblins
  5 hobgoblins
  7 quokkas
  2 ball pythons
  3 bats
  2 frilled lizards
  4 kobolds
  7 rats
89 creatures vanquished.

Notes
Turn   | Place    | Note
-------+----------+-------------------------------------------
     0 | D:1      | arthad the Gnoll Reaver began the quest for the Orb.
     0 | D:1      | Reached XP level 1. HP: 20/20 MP: 6/6
   210 | D:1      | Reached XP level 2. HP: 21/26 MP: 7/7
   734 | D:2      | Found a runed translucent door.
   735 | D:2      | Noticed Crazy Yiuf
   783 | D:2      | Noticed Robin
   791 | D:2      | Reached skill level 5 in Spellcasting
   791 | D:2      | Reached XP level 3. HP: 26/31 MP: 7/9
   825 | D:2      | Reached skill level 1 in Invocations
   831 | D:2      | Killed Robin
   872 | D:2      | Reached skill level 1 in Short Blades
   872 | D:2      | Reached skill level 1 in Long Blades
   872 | D:2      | Reached skill level 1 in Maces & Flails
   872 | D:2      | Reached skill level 1 in Polearms
   872 | D:2      | Reached skill level 1 in Staves
   872 | D:2      | Reached skill level 1 in Ranged Weapons
   872 | D:2      | Reached skill level 1 in Throwing
   872 | D:2      | Reached skill level 1 in Armour
   872 | D:2      | Reached skill level 1 in Stealth
   872 | D:2      | Reached skill level 1 in Shields
   872 | D:2      | Reached skill level 1 in Unarmed Combat
   872 | D:2      | Reached skill level 1 in Evocations
  1043 | D:2      | Reached XP level 4. HP: 18/34 MP: 11/11
  1402 | D:2      | Reached skill level 1 in Hexes
  1402 | D:2      | Reached skill level 1 in Summonings
  1402 | D:2      | Reached skill level 1 in Necromancy
  1402 | D:2      | Reached skill level 1 in Translocations
  1402 | D:2      | Reached skill level 1 in Transmutations
  1402 | D:2      | Reached skill level 1 in Fire Magic
  1402 | D:2      | Reached skill level 1 in Ice Magic
  1402 | D:2      | Reached skill level 1 in Air Magic
  1402 | D:2      | Reached skill level 1 in Earth Magic
  1402 | D:2      | Reached skill level 1 in Poison Magic
  1431 | D:2      | Found an opulent altar of Gozag.
  1454 | D:2      | Became a worshipper of Gozag Ym Sagoz the Greedy
  1590 | D:3      | Found a faded altar of an unknown god.
  1628 | D:3      | Learned a level 2 spell: Momentum Strike
  1630 | D:3      | Learned a level 1 spell: Necrotise
  1634 | D:3      | Learned a level 3 spell: Hailstorm
  1773 | D:3      | Found a glowing golden altar of the Shining One.
  1774 | D:3      | Found a radiant altar of Vehumet.
  1777 | D:3      | Found a shadowy altar of Dithmenos.
  1786 | D:3      | Noticed Ijyb
  1801 | D:3      | Killed Ijyb
  1802 | D:3      | Reached XP level 5. HP: 24/43 MP: 0/12
  2169 | D:3      | Found a shimmering blue altar of Sif Muna.
  2260 | D:3      | Found an opulent altar of Gozag.
  2319 | D:3      | Noticed Terence
  2342 | D:3      | Killed Terence
  2815 | D:4      | Learned a level 2 spell: Poisonous Vapours
  3115 | D:4      | Reached XP level 6. HP: 33/50 MP: 2/13
  3135 | D:4      | Reached skill level 5 in Fighting
  3135 | D:4      | Reached skill level 5 in Dodging
  3365 | D:4      | Found a snail-covered altar of Cheibriados.
  3706 | D:4      | Found a bloodstained altar of Trog.
  3911 | D:5      | Entered Level 5 of the Dungeon
  3974 | D:5      | Noticed a steam dragon
  3986 | D:5      | Killed a steam dragon
  3987 | D:5      | Reached skill level 7 in Axes
  3987 | D:5      | Reached XP level 7. HP: 32/56 MP: 3/15
  4424 | D:5      | HP: 2/56 [ufetubus (4)]
  4568 | D:5      | Learned a level 1 spell: Sting
  4609 | D:5      | Slain by an orc

Illustrated notes

Levels and vault maps discovered:
D:1:      dpeg_arrival_arbitrary_b, layout_rooms
D:2:      layout_basic, basic_altar, uniq_robin, uniq_crazy_yiuf_cottage
D:3:      layout_basic, grunt_gozag_statues, mainiacjoe_overflow_24_doors,
          chequers_temple_overflow_statue_of_worship,
          nicolae_ecumenical_pavilion, kennysheep_generic_room_15, uniq_terence,
          uniq_ijyb
D:4:      layout_basic, trog_butcher_becter, kennysheep_mini_moat
D:5:      layout_basic, kennysheep_pointless_box, kennysheep_generic_room_16

Skill      XL: |  1  2  3  4  5  6  7 |
---------------+----------------------+-----
Spellcasting   | 5 |  5.6
Invocations    | 1 2 |  2.9
Short Blades   | 1 2 |  2.6
Long Blades    | 1 2 |  2.6
Maces & Flails | 1 2 |  2.6
Polearms       | 1 2 |  2.6
Staves         | 1 2 |  2.6
Ranged Weapons | 1 2 |  2.6
Throwing       | 1 2 |  2.6
Armour         | 1 2 |  2.6
Stealth        | 1 2 |  2.6
Shields        | 1 2 |  2.6
Unarmed Combat | 1 2 |  2.6
Evocations     | 1 2 |  2.6
Hexes          | 1 2 |  2.1
Summonings     | 1 2 |  2.1
Necromancy     | 1 2 |  2.1
Translocations | 1 2 |  2.1
Transmutations | 1 2 |  2.1
Fire Magic     | 1 2 |  2.1
Ice Magic      | 1 2 |  2.1
Air Magic      | 1 2 |  2.1
Earth Magic    | 1 2 |  2.1
Poison Magic   | 1 2 |  2.1
Fighting       | 5 |  5.3
Dodging        | 5 |  5.3
Axes           | 7 |  7.1
Conjurations   | |  5.9

Action                   |  1- 3 |  4- 6 |  7- 9 || total
-------------------------+-------+-------+-------++-------
Melee: Hand axe          |   112 |    83 |    62 ||   257
       Bite              |     5 |     7 |     4 ||    16
       Battleaxe         |       |       |     2 ||     2
       Punch             |       |       |     2 ||     2
 Cast: Kiss of Death     |     1 |       |       ||     1
       Necrotise         |       |    92 |     1 ||    93
       Poisonous Vapours |       |    14 |     2 ||    16
       Momentum Strike   |       |     8 |     5 ||    13
       Sting             |       |       |     4 ||     4
       Hailstorm         |       |       |     2 ||     2
  Use: Potion            |       |     3 |     4 ||     7
       Scroll            |       |       |     3 ||     3
 Stab: Sleeping          |     1 |       |       ||     1
Armor: Leather armour    |    23 |    20 |    34 ||    77
Dodge: Dodged            |    68 |    80 |    47 ||   195
Block: Other             |       |    14 |    11 ||    25
       Reflection        |       |     1 |       ||     1

Table legend: (Time is in decaauts)
 A = Elapsed time spent in this place.
 B = Non-inter-level travel time spent in this place.
 C = Inter-level travel time spent in this place.
 D = Time resting spent in this place.
 E = Time spent auto-exploring this place.
 F = Levels seen in this place.
 G = Mean time per level.
                   A        B        C        D        E       F      G
               +--------+--------+--------+--------+--------+-----+--------+
         Total |   4589 |   4454 |    135 |    479 |   3127 |   5 |  917.8 |
       Dungeon |   4589 |   4454 |    135 |    479 |   3127 |   5 |  917.8 |
               +--------+--------+--------+--------+--------+-----+--------+

Top non-repeatable levels by time:
     D:3: 1194 daAuts
     D:4: 1122 daAuts
     D:2: 1001 daAuts
     D:5: 686 daAuts
     D:1: 584 daAuts
